AoeStats
← Sigi

Arabia

508169025Analyzed
1v1 RM · 10d ago on Sep 21, 2026· 17m 50s· 2 players
Game mode
Random Map
Map size
Tiny (2 player)
Population
200
Speed
Normal
Resources
Standard
Victory
Conquest
Starting age
Dark Age
Ending age
Imperial Age
RankedLock teamsTeams togetherTeam positionsShared explorationLock speedFull tech treeHidden civsTurbo modeCheats
Victory
Defeat
🇲🇽 Bohemians · Mexico
1536
+18
🇦🇷 Chinese · Argentina
1572
-18
Sigi
6:50 Loom
9:12 Feudal Age
9:47 Double-Bit Axe
12:09 Fletching
14:42 Padded Archer Armor
AxD | Keiokenkun-Uno-Puro
6:06 Loom
9:33 Feudal Age
10:48 Double-Bit Axe
15:05 Fletching
15:56 Padded Archer Armor
Connection lost

Rejoining the realm…

Still unreachable

The connection could not be restored.

Session expired

The server has moved on; the page needs a fresh start.